[Event "ICC tourney 1954 (60 10)"]
[Site "Internet Chess Club"]
[Date "2020.08.07"]
[Round "1"]
[White "worldcupgirl"]
[Black "narayan0811"]
[Result "1/2-1/2"]
[ICCResult "Game drawn because neither player has mating material"]
[WhiteElo "1368"]
[BlackElo "1138"]
[Opening "French: exchange variation"]
[ECO "C01"]
[NIC "FR.01"]
[Time "12:21:35"]
[TimeControl "3600+10"]

1. e4 e6 2. d4 d5 3. exd5 exd5 4. Bd3 Nc6 5. c3 Nf6 6. h3 Be7 7. Nf3 O-O 8.
O-O Re8 9. Bf4 Bd6 10. Bxd6 Qxd6 11. Nbd2 Ne4 12. Re1 Bf5 13. Nxe4 Bxe4 14.
Bxe4 dxe4 15. Ng5 Qg6 16. h4 h6 17. Nh3 Rad8 18. Nf4 Qd6 19. Qd2 Qf6 20. h5
Qg5 21. Rad1 Ne7 22. Rxe4 Nd5 23. Rxe8+ Rxe8 24. Nxd5 Qxd5 25. b3 Qxh5 26.
c4 Qg4 27. d5 Rd8 28. Re1 Qd7 29. Qe3 b6 30. Kf1 Kf8 31. Qc1 c6 32. dxc6
Qxc6 33. Qa3+ Qd6 34. Qxa7 Qc5 35. Qb7 g6 36. Qf3 Rd2 37. Qf6 Qd4 38. Qxd4
Rxd4 39. Ra1 Ke7 40. Ke2 Kd6 41. Ke3 Kc5 42. b4+ Kxc4 43. Rc1+ Kd5 44. a3 f5
45. f3 g5 46. Rh1 f4+ 47. Ke2 Rc4 48. Rxh6 Rc2+ 49. Kf1 Ra2 50. Rxb6 Rxa3
51. Rb5+ Kc4 52. Rxg5 Ra1+ 53. Ke2 Ra2+ 54. Kd1 Kxb4 55. Rg4 Kc3 56. Rxf4
Rxg2 57. Rg4 Rxg4 58. fxg4 Kd4 59. Ke2 Ke4 60. Kf2 Kf4 61. g5 Kxg5
{Game drawn because neither player has mating material}
1/2-1/2

[Event "ICC tourney 1954 (60 10)"]
[Site "Internet Chess Club"]
[Date "2020.08.07"]
[Round "1"]
[White "arjunbupeshnath"]
[Black "SoaringHawk24"]
[Result "0-1"]
[ICCResult "White checkmated"]
[WhiteElo "909"]
[BlackElo "1310"]
[Opening "King's Indian: 5.Nf3"]
[ECO "E90"]
[NIC "KI.21"]
[Time "12:22:22"]
[TimeControl "3600+10"]

1. d4 Nf6 2. c4 g6 3. Nc3 Bg7 4. Nf3 d6 5. e4 O-O 6. Bd3 Nbd7 7. Be3 e5 8.
O-O b6 9. Qd2 Bb7 10. d5 Nc5 11. Be2 Nfxe4 12. Qc2 Nxc3 13. bxc3 h6 14. Rfd1
Qf6 15. Rab1 e4 16. Bxc5 exf3 17. Bd4 fxe2 18. Bxf6 exd1=Q+ 19. Rxd1 Bxf6
20. h3 Rfe8 21. Qd2 Bg7 22. a4 Re7 23. Rb1 a5 24. Qb2 Rae8 25. Qd2 Bc8 26.
Kf1 Re2 27. Qf4 Bxc3 28. Kg1 Re1+ 29. Rxe1 Rxe1+ 30. Kh2 Be5 31. Qxe5 dxe5
32. f3 Ra1 33. g4 Rxa4 34. Kg3 Rxc4 35. h4 a4 36. g5 hxg5 37. hxg5 a3 38. f4
Rc3+ 39. Kh4 Rh3# {White checkmated} 0-1

[Event "ICC tourney 1954 (60 10)"]
[Site "Internet Chess Club"]
[Date "2020.08.07"]
[Round "1"]
[White "ABecker755"]
[Black "PranitP2011"]
[Result "1/2-1/2"]
[ICCResult "Game drawn by mutual agreement"]
[WhiteElo "1373"]
[BlackElo "1144"]
[Opening "Ruy Lopez: exchange variation"]
[ECO "C68"]
[NIC "RL.08"]
[Time "12:26:37"]
[TimeControl "3600+10"]

1. e4 e5 2. Nf3 Nc6 3. Bb5 a6 4. Bxc6 dxc6 5. d3 Bd6 6. O-O f6 7. d4 exd4 8.
Nxd4 Ne7 9. f4 O-O 10. c3 Bc5 11. Qb3+ Kh8 12. Kh1 Bxd4 13. cxd4 Qxd4 14.
Qe3 Qxe3 15. Bxe3 Be6 16. Nc3 Bc4 17. Rfd1 Ng6 18. f5 Ne5
{Game drawn by mutual agreement}
1/2-1/2

[Event "ICC tourney 1954 (60 10)"]
[Site "Internet Chess Club"]
[Date "2020.08.07"]
[Round "1"]
[White "neelansh2489"]
[Black "LittlePawn135"]
[Result "1-0"]
[ICCResult "Black resigns"]
[WhiteElo "1062"]
[BlackElo "461"]
[Opening "Queen's gambit accepted"]
[ECO "D20"]
[NIC "QG.03"]
[Time "12:22:07"]
[TimeControl "3600+10"]

1. d4 d5 2. c4 dxc4 3. Nc3 Nf6 4. e4 e6 5. Bxc4 Bb4 6. Ne2 Nxe4 7. a3 Bxc3+
8. Nxc3 Nxc3 9. bxc3 O-O 10. O-O Nc6 11. Bd3 e5 12. Be3 exd4 13. cxd4 Nxd4
14. Bxd4 Kh8 15. Bb2 b6 16. Qf3 Rb8 17. Rfd1 Bb7 18. Qh5 h6 19. Qe5 Qg5 20.
Qxg5 hxg5 21. Rac1 c5 22. f3 Rfd8 23. Be4 Bxe4 24. Rxd8+ Rxd8 25. fxe4 Rd2
26. Be5 Ra2 27. Rc3 Re2 28. Rc4 Re3 29. a4 f6 30. Bb8 a6 31. Ba7 Rb3 32. Kf2
Rb2+ 33. Kg3 Rb3+ 34. Kg4 b5 35. axb5 axb5 36. Rxc5 b4 37. Kf5 Ra3 38. Kg6
Rc3 39. Rxc3 bxc3 40. Be3 c2 41. Kf5 Kh7 42. g4 Kg8 43. Ke6 Kf8 44. Kd5 Ke7
45. Kc4 Ke6 46. Kd4 g6 47. h3 Kd6 48. e5+ Ke6 49. exf6 {Black resigns} 1-0

[Event "ICC tourney 1954 (60 10)"]
[Site "Internet Chess Club"]
[Date "2020.08.07"]
[Round "1"]
[White "jhong3"]
[Black "Alec-hine"]
[Result "0-1"]
[ICCResult "White resigns"]
[WhiteElo "1048"]
[BlackElo "1393"]
[Opening "French: Two knights variation"]
[ECO "C00"]
[NIC "FR.01"]
[Time "12:22:02"]
[TimeControl "3600+10"]

1. e4 e6 2. Nf3 d5 3. Nc3 dxe4 4. Nxe4 Be7 5. Bd3 Nf6 6. O-O O-O 7. Nxf6+
Bxf6 8. Qe2 Nd7 9. b4 Bxa1 10. c3 a5 11. Ba3 axb4 12. Bxb4 c5 13. Rxa1 cxb4
14. cxb4 Nf6 15. a4 b6 16. b5 Bb7 17. h3 Bxf3 18. Qxf3 Qd4 19. Ra3 Rxa4 20.
Bc2 Rxa3 21. Qxa3 Qxd2 22. Qb2 Rd8 23. Qa2 Qd4 24. Kh2 g6 25. Bb3 Kg7 26.
Qa7 Rc8 27. Bxe6 Qf4+ {White resigns} 0-1

[Event "ICC tourney 1954 (60 10)"]
[Site "Internet Chess Club"]
[Date "2020.08.07"]
[Round "1"]
[White "kushagra12"]
[Black "lovechess12"]
[Result "1/2-1/2"]
[ICCResult "Game drawn by mutual agreement"]
[WhiteElo "938"]
[BlackElo "1221"]
[Opening "Scotch gambit"]
[ECO "C44"]
[NIC "SO.06"]
[Time "12:22:22"]
[TimeControl "3600+10"]

1. e4 e5 2. Nf3 Nc6 3. d4 exd4 4. Bc4 d6 5. Nxd4 Ne5 6. Be2 Be7 7. Nc3 Nf6
8. Bf4 O-O 9. O-O Ng6 10. Bg3 Re8 11. Re1 c6 12. Nf5 Bxf5 13. exf5 Ne5 14.
Bxe5 dxe5 15. Qxd8 Raxd8 16. Bd3 Bc5 17. Rad1 Ng4 18. Ne4 Bb6 19. h3 Nf6 20.
Nxf6+ gxf6 21. Re4 Rd5 22. Rde1 a6 23. Rg4+ Kf8 24. Rh4 Kg7 25. Rg4+ Kh8 26.
Bc4 Rd2 27. Re2 Rd1+ 28. Kh2 Rd7 29. Bb3 Bc7 30. g3 Red8 31. Kg2 b5 32. a3
c5 33. c3 c4 34. Ba2 Rd2 35. Rge4 Kg7 36. Kf3 h5 37. Rxd2 Rxd2 38. Re2 Rd3+
39. Re3 Rd7 40. Ke2 Kf8 41. Re4 Kg7 42. Rh4 Bb6 43. Rxh5 Bxf2 44. Rh4 Bb6
45. Rg4+ Kf8 46. h4 Ke7 47. h5 Rd8 48. h6 Rh8 49. Rh4 Kd6 50. Kf3 Kd5 51. h7
e4+ 52. Kf4 Bc7+ 53. Ke3 Bxg3 54. Rh3 Bd6 55. Rh4 Bc5+ 56. Ke2 Ke5 57. Rh5
a5 58. b4 axb4 59. axb4 Bb6 60. Bb1 e3 61. Bc2 Kd6 62. Bb1 Ke7 63. Be4 Kf8
64. Bc6 Kg7 65. Bxb5 Rxh7 66. Rxh7+ Kxh7 67. Bxc4 Kh6 68. Bd3 Kg5 69. c4
{Game drawn by mutual agreement}
1/2-1/2

[Event "ICC tourney 1954 (60 10)"]
[Site "Internet Chess Club"]
[Date "2020.08.07"]
[Round "1"]
[White "BArkadia"]
[Black "thegoldenfrog"]
[Result "0-1"]
[ICCResult "White resigns"]
[WhiteElo "1141"]
[BlackElo "1377"]
[Opening "Four knights: Italian variation"]
[ECO "C55"]
[NIC "IG.01"]
[Time "12:22:22"]
[TimeControl "3600+10"]

1. e4 e5 2. Nf3 Nc6 3. Bc4 Nf6 4. Nc3 Nxe4 5. d3 Nxc3 6. bxc3 d5 7. Bb3 Be7
8. O-O O-O 9. h3 Bf6 10. Nh2 Na5 11. Qh5 Nxb3 12. axb3 c5 13. f4 e4 14. dxe4
Bxc3 15. Ra2 dxe4 16. Bb2 Qd4+ 17. Kh1 Bxb2 18. Rd1 Qc3 19. Ra4 Qxc2 20. Qd5
Be6 {White resigns} 0-1

[Event "ICC tourney 1954 (60 10)"]
[Site "Internet Chess Club"]
[Date "2020.08.07"]
[Round "1"]
[White "vaav"]
[Black "Tiger2010"]
[Result "1-0"]
[ICCResult "Black checkmated"]
[WhiteElo "1143"]
[BlackElo "671"]
[Opening "Grünfeld: 5.e3"]
[ECO "D94"]
[NIC "GI.03"]
[Time "12:21:55"]
[TimeControl "3600+10"]

1. d4 Nf6 2. c4 g6 3. Nc3 d5 4. e3 Bg7 5. Nf3 Bg4 6. Be2 Bf5 7. Bd2 O-O 8.
O-O Be6 9. cxd5 Bxd5 10. Qc2 Nc6 11. Rac1 Re8 12. h3 Qd7 13. Nxd5 Qxd5 14.
Bc4 Qd6 15. Ng5 e6 16. Bb5 Qd5 17. Bxc6 bxc6 18. Nf3 Ne4 19. Qxc6 Qxc6 20.
Rxc6 Rac8 21. Ba5 Re7 22. Rfc1 e5 23. Rxc7 Rce8 24. Rxe7 Rxe7 25. Rc8+ Bf8
26. Bb4 Rc7 27. Rxc7 Bxb4 28. dxe5 Kf8 29. Rc4 Nc5 30. Rxb4 Nd3 31. Rb8+ Ke7
32. Rb7+ Kf8 33. Rxa7 Nxb2 34. a4 Ke8 35. a5 Kd8 36. Rb7 Kc8 37. Rxb2 Kc7
38. a6 Kc6 39. a7 Kc5 40. a8=Q Kc4 41. Qc8+ Kd3 42. Rd2+ Ke4 43. Qg4#
{Black checkmated}
1-0

[Event "ICC tourney 1954 (60 10)"]
[Site "Internet Chess Club"]
[Date "2020.08.07"]
[Round "1"]
[White "AD-chess"]
[Black "Twinkletoesss"]
[Result "0-1"]
[ICCResult "White checkmated"]
[WhiteElo "998"]
[BlackElo "224"]
[Opening "King's Indian: East Indian defense"]
[ECO "A48"]
[NIC "QP.06"]
[Time "12:22:00"]
[TimeControl "3600+10"]

1. d4 Nf6 2. Nf3 g6 3. e3 Bg7 4. b3 O-O 5. Bb2 d6 6. Nbd2 Nbd7 7. Bd3 Re8 8.
O-O e5 9. c4 e4 10. Nxe4 Nxe4 11. Bxe4 Rxe4 12. Qc2 Re8 13. h3 Nf6 14. d5
Bf5 15. Qc3 Nh5 16. Qd2 Bxb2 17. Qxb2 Qf6 18. Qd2 Be4 19. Nh2 Qg5 20. f3 Bf5
21. g4 Ng3 22. f4 Nxf1 23. Nxf1 Qh4 24. gxf5 gxf5 25. Qg2+ Kh8 26. Kh2 Rg8
27. Qb2+ f6 28. Re1 Qxe1 29. Qxf6+ Rg7 30. Qxf5 Qf2+ 31. Kh1 Qg2#
{White checkmated}
0-1

[Event "ICC tourney 1954 (60 10)"]
[Site "Internet Chess Club"]
[Date "2020.08.07"]
[Round "1"]
[White "Cougar2020"]
[Black "Alberttheshow"]
[Result "1-0"]
[ICCResult "Black checkmated"]
[WhiteElo "1153"]
[BlackElo "615"]
[Opening "Giuoco Piano"]
[ECO "C54"]
[NIC "IG.02"]
[Time "12:21:50"]
[TimeControl "3600+10"]

1. e4 e5 2. Nf3 Nc6 3. Bc4 Bc5 4. c3 Nf6 5. d3 d6 6. h3 O-O 7. b4 Bb6 8. a4
a5 9. b5 Ba7 10. bxc6 bxc6 11. O-O d5 12. exd5 cxd5 13. Bb3 Rb8 14. Nxe5 Qd6
15. Nf3 Bf5 16. d4 Rfe8 17. Nbd2 Rb7 18. Bc2 c6 19. Bxf5 g6 20. Bd3 Ree7 21.
Ba3 Qf4 22. Bxe7 Rxe7 23. Re1 Rb7 24. Rb1 Rd7 25. Qe2 Rd8 26. Qe7 Ra8 27. g3
Qh6 28. Qxf6 Qxh3 29. Rb7 Rf8 30. Rxf7 Rxf7 31. Re8+ Rf8 32. Qxf8#
{Black checkmated}
1-0

[Event "ICC tourney 1954 (60 10)"]
[Site "Internet Chess Club"]
[Date "2020.08.07"]
[Round "1"]
[White "azhang123"]
[Black "Chai2006"]
[Result "1-0"]
[ICCResult "Black checkmated"]
[WhiteElo "1314"]
[BlackElo "915"]
[Opening "Queen's pawn"]
[ECO "A40"]
[NIC "QO.17"]
[Time "12:21:33"]
[TimeControl "3600+10"]

1. d4 e6 2. Bf4 d5 3. Nf3 c5 4. c3 Nc6 5. e3 Nge7 6. Bb5 a6 7. Bd3 c4 8. Bc2
Ng6 9. Nbd2 Bd6 10. Bg3 b5 11. Qe2 Bb7 12. e4 O-O 13. e5 Bc7 14. h4 Nge7 15.
Ng5 h6 16. Qh5 Nf5 17. Bf4 Nce7 18. g4 g6 19. gxf5 gxh5 20. fxe6 hxg5 21.
hxg5 fxe6 22. g6 Rxf4 23. Rxh5 Nf5 24. O-O-O Rh4 25. Rh1 Kg7 26. Rh7+ Kxg6
27. R7xh4 Kf7 28. Rg4 Qf8 29. Rh7+ Ng7 30. Rf4+ Ke7 31. Rxf8 Kxf8 32. Rh8+
Ke7 33. Rh7 Kf8 34. Nf3 Bd8 35. Bg6 Bc6 36. Rh8+ Ke7 37. Rg8 Nf5 38. Rh8 Bc7
39. Rh7+ Kd8 40. Ng5 Ne7 41. Nxe6+ Kd7 42. Nxc7 Kxc7 43. Rxe7+ Kb6 44. f4
Rg8 45. Re6 Kc7 46. f5 a5 47. Re7+ Kd8 48. Rh7 Be8 49. Rh6 Rf8 50. Bxe8 Kxe8
51. f6 Rg8 52. e6 Rg1+ 53. Kd2 Rg2+ 54. Ke3 Rg1 55. Rh8+ Rg8 56. Rxg8#
{Black checkmated}
1-0

[Event "ICC tourney 1954 (60 10)"]
[Site "Internet Chess Club"]
[Date "2020.08.07"]
[Round "1"]
[White "IsaacCumes"]
[Black "meisterpatzer"]
[Result "0-1"]
[ICCResult "White checkmated"]
[WhiteElo "988"]
[BlackElo "1351"]
[Opening "French: Tarrasch, closed variation"]
[ECO "C05"]
[NIC "FR.14"]
[Time "12:22:04"]
[TimeControl "3600+10"]

1. e4 e6 2. d4 d5 3. Nd2 Nf6 4. Bd3 c5 5. Ne2 c4 6. e5 cxd3 7. exf6 dxe2 8.
Qxe2 Qxf6 9. O-O Qxd4 10. Nf3 Qf6 11. Qb5+ Nc6 12. Bg5 Qg6 13. Ne5 Qxc2 14.
Rac1 a6 15. Qxc6+ Qxc6 16. Nxc6 bxc6 17. Rxc6 Bb7 18. Rc7 Rb8 19. Be3 Bd6
20. Rc3 O-O 21. Ba7 Rbc8 22. Rb3 Bc6 23. Rc1 Bb5 24. Rxc8 Rxc8 25. g3 g5 26.
Be3 g4 27. Bh6 Bf8 28. Bg5 h6 29. Bf6 Rc1+ 30. Kg2 Bf1+ 31. Kg1 Bh3#
{White checkmated}
0-1

[Event "ICC tourney 1954 (60 10)"]
[Site "Internet Chess Club"]
[Date "2020.08.07"]
[Round "1"]
[White "EW2006"]
[Black "joeandjoe28"]
[Result "0-1"]
[ICCResult "White resigns"]
[WhiteElo "1056"]
[BlackElo "1393"]
[Opening "Ruy Lopez: exchange variation"]
[ECO "C68"]
[NIC "RL.08"]
[Time "12:28:19"]
[TimeControl "3600+10"]

1. e4 e5 2. Nf3 Nc6 3. Bb5 a6 4. Bxc6 dxc6 5. h3 f6 6. O-O Bc5 7. d3 Be6 8.
Qe2 Ne7 9. Nc3 Ng6 10. Rd1 Qd7 11. Nh2 O-O-O 12. Be3 Bd4 13. Rf1 Nf4 14.
Bxf4 exf4 15. Qf3 g5 16. a3 h5 17. Rab1 Be5 18. Qe2 g4 19. hxg4 hxg4 20.
Nxg4 Bxg4 21. f3 Bd4+ 22. Rf2 Bxf2+ 23. Kxf2 Qd4+ 24. Ke1 Rh1+ 25. Kd2 Rxb1
26. Nxb1 Qxb2 27. fxg4 Qxb1 28. g5 fxg5 29. Qg4+ Kb8 30. Qxg5 Rf8 31. Qh6
Rg8 32. Qxf4 Rxg2+ 33. Ke3 Qc1+ 34. Kf3 {White resigns} 0-1

[Event "ICC tourney 1954 (60 10)"]
[Site "Internet Chess Club"]
[Date "2020.08.07"]
[Round "1"]
[White "shawnchicken"]
[Black "janeff1110"]
[Result "1-0"]
[ICCResult "Black checkmated"]
[WhiteElo "1342"]
[BlackElo "961"]
[Opening "QGD: 6.Nf3"]
[ECO "D55"]
[NIC "QO.13"]
[Time "12:36:25"]
[TimeControl "3600+10"]

1. d4 d5 2. c4 e6 3. Nc3 Nf6 4. Bg5 Be7 5. Nf3 O-O 6. e3 c6 7. Qc2 Nbd7 8.
Bd3 h6 9. Bh4 b6 10. O-O Ba6 11. cxd5 Bxd3 12. Qxd3 cxd5 13. Rac1 Rc8 14.
Rfd1 Nh7 15. Bg3 Ng5 16. Nxg5 Bxg5 17. Nb5 Ra8 18. Bc7 Qe7 19. Bd6 Qd8 20.
Bxf8 Qxf8 21. Rc7 Nf6 22. Rxa7 Rxa7 23. Nxa7 Qb4 24. Rc1 Qxb2 25. Rc8+ Ne8
26. Rxe8# {Black checkmated} 1-0

[Event "ICC tourney 1954 (60 10)"]
[Site "Internet Chess Club"]
[Date "2020.08.07"]
[Round "1"]
[White "Yeetamus123"]
[Black "shravanr"]
[Result "0-1"]
[ICCResult "White checkmated"]
[WhiteElo "1091"]
[BlackElo "1426"]
[Opening "Scotch: Schmidt variation"]
[ECO "C45"]
[NIC "SO.04"]
[Time "12:22:22"]
[TimeControl "3600+10"]

1. e4 e5 2. Nf3 Nc6 3. d4 exd4 4. Nxd4 Nf6 5. Nc3 Bb4 6. Bd2 O-O 7. Nxc6
dxc6 8. Qe2 Re8 9. f3 Qe7 10. O-O-O Bxc3 11. Bxc3 Be6 12. Kb1 Rad8 13. Rxd8
Rxd8 14. g4 h6 15. h4 Bc4 16. Qe1 Bxf1 17. Qxf1 Nd7 18. f4 Qxe4 19. g5 Qe6
20. gxh6 Qxh6 21. Qg2 Nc5 22. Rg1 Ne6 23. f5 Nd4 24. Qg4 c5 25. h5 Qf6 26.
Rd1 Rd6 27. Rh1 Qxf5 28. Qg2 Qf4 29. Bd2 Qf3 30. Qh2 Qf5 31. Qg2 Qxc2+ 32.
Ka1 Nb3+ 33. axb3 Ra6+ 34. Ba5 Rxa5# {White checkmated} 0-1

[Event "ICC tourney 1954 (60 10)"]
[Site "Internet Chess Club"]
[Date "2020.08.07"]
[Round "1"]
[White "auggie29"]
[Black "MathWizKidA"]
[Result "0-1"]
[ICCResult "White checkmated"]
[WhiteElo "1050"]
[BlackElo "1404"]
[Opening "Queen's pawn: London system"]
[ECO "A45"]
[NIC "QP.07"]
[Time "12:22:16"]
[TimeControl "3600+10"]

1. d4 Nf6 2. Bf4 c5 3. c3 d5 4. e3 Bf5 5. Nf3 e6 6. Bb5+ Nc6 7. Ne5 Qb6 8.
Qb3 Be7 9. Bxc6+ bxc6 10. Qxb6 axb6 11. Nxc6 Bxb1 12. Rxb1 Rxa2 13. Nxe7
Kxe7 14. O-O cxd4 15. cxd4 Rc8 16. b3 Rcc2 17. g3 Ne4 18. Rbc1 Rxc1 19. Rxc1
Nxf2 20. Rc7+ Kf6 21. Be5+ Kg6 22. Rc6 Nd3 23. Rxb6 Nxe5 24. dxe5 Re2 25. b4
Rxe3 26. b5 Rxe5 27. Ra6 Re4 28. b6 Rb4 29. Kf2 Kf6 30. Ke3 Ke5 31. Kd3 d4
32. Ra7 Rxb6 33. Rxf7 Rb3+ 34. Kc2 Rc3+ 35. Kd2 Ke4 36. Rxg7 Rf3 37. Rxh7
Rf2+ 38. Ke1 Ke3 39. Re7 Rf6 40. g4 d3 41. Rd7 e5 42. g5 Rf2 43. Re7 d2+ 44.
Kd1 Rf1+ 45. Kc2 d1=Q+ 46. Kc3 Qd3+ 47. Kb2 Rb1+ 48. Ka2 Qb3# {White
checkmated} 0-1

[Event "ICC tourney 1954 (60 10)"]
[Site "Internet Chess Club"]
[Date "2020.08.07"]
[Round "1"]
[White "chakwo456"]
[Black "FatGuyIsRoux"]
[Result "1/2-1/2"]
[ICCResult "Game drawn because neither player has mating material"]
[WhiteElo "889"]
[BlackElo "233"]
[Opening "Giuoco Piano: four knights variation"]
[ECO "C50"]
[NIC "IG.02"]
[Time "12:22:42"]
[TimeControl "3600+10"]

1. e4 e5 2. Nf3 Nc6 3. Bc4 Bc5 4. Nc3 Nf6 5. O-O O-O 6. d3 h6 7. Be3 Bxe3 8.
fxe3 d6 9. d4 Re8 10. Re1 Bg4 11. Be2 Bxf3 12. Bxf3 Ne7 13. Qd2 Ng6 14. Qf2
c5 15. Rad1 Qb6 16. b3 Rad8 17. Rd2 Nd7 18. Red1 Nb8 19. Na4 Qa5 20. dxc5
dxc5 21. Rxd8 Rxd8 22. Rxd8+ Qxd8 23. Nxc5 Qc7 24. Nd3 Na6 25. c4 Qa5 26. b4
Nxb4 27. Nxb4 Qxb4 28. Qc2 b6 29. h3 Nh4 30. Be2 Qe1+ 31. Bf1 Qxe3+ 32. Qf2
Qxe4 33. Qe2 Qxe2 34. Bxe2 Kf8 35. Kf2 Ke7 36. g3 Nf5 37. Kf3 Nd4+ 38. Ke3
Nxe2 39. Kxe2 Kd6 40. Kd3 Kc5 41. Ke4 Kxc4 42. Kxe5 a5 43. Kd6 b5 44. Ke7 b4
45. Kxf7 b3 46. axb3+ Kxb3 47. Kxg7 a4 48. Kxh6 a3 49. g4 a2 50. g5 a1=Q 51.
g6 Qh8+ 52. Kg5 Qxh3 53. g7 Qg3+ 54. Kh6 Qd6+ 55. Kh7 Qd3+ 56. Kh8 Qh3+ 57.
Kg8 Qg4 58. Kh7 Qf5+ 59. Kh8 Qh5+ 60. Kg8 Qg5 61. Kh7 Qf5+ 62. Kh8 Qh5+ 63.
Kg8 Qe8+ 64. Kh7 Qf7 65. Kh8 Qf6 66. Kh7 Qf7 67. Kh8 Qh5+ 68. Kg8 Qg6 69.
Kh8 Qxg7+ 70. Kxg7 {Game drawn because neither player has mating material}
1/2-1/2

[Event "ICC tourney 1954 (60 10)"]
[Site "Internet Chess Club"]
[Date "2020.08.07"]
[Round "1"]
[White "Hedwig210"]
[Black "yayadream"]
[Result "1-0"]
[ICCResult "Black checkmated"]
[WhiteElo "1192"]
[BlackElo "1320"]
[Opening "QGD: Marshall defense"]
[ECO "D06"]
[NIC "QP.08"]
[Time "12:22:19"]
[TimeControl "3600+10"]

1. d4 d5 2. c4 Nf6 3. Bf4 Nc6 4. e3 Bf5 5. Bd3 e6 6. Nc3 Bb4 7. Bxf5 exf5 8.
Qb3 dxc4 9. Qxc4 Ne4 10. Ne2 Bd6 11. Nxe4 fxe4 12. Bxd6 Qxd6 13. O-O O-O 14.
Qc2 Rfe8 15. Ng3 Qg6 16. Qb3 b6 17. Qd5 Rad8 18. Qf5 Qxf5 19. Nxf5 Rd5 20.
Ng3 h6 21. Rac1 Rd6 22. Nf5 Rf6 23. Ng3 Re7 24. Rfd1 a5 25. Rd2 Nb4 26. a3
Nd5 27. Rdc2 Kh8 28. Rc6 Rxc6 29. Rxc6 Nf6 30. Nf5 Re6 31. Rxc7 Nh5 32. Ng3
Nxg3 33. hxg3 f5 34. Rc1 Rd6 35. f3 exf3 36. gxf3 Kh7 37. Rd1 h5 38. e4 fxe4
39. fxe4 Kg8 40. e5 Re6 41. Kf2 Kf7 42. Kf3 g5 43. Ke4 h4 44. gxh4 gxh4 45.
Rh1 Rh6 46. d5 Ke7 47. d6+ Kd7 48. Kd5 h3 49. Rh2 Rh5 50. a4 Rh6 51. Kd4
Rh4+ 52. Kd5 Rxa4 53. Rxh3 Rb4 54. e6+ Kc8 55. d7+ Kc7 56. Rc3+ Kd8 57. Rc8+
Ke7 58. Re8+ Kf6 59. d8=Q+ Kf5 60. Rf8+ Kg4 61. Rg8+ Kf4 62. Qf6+ Ke3 63.
Rg3+ Kd2 64. Qf2+ Kc1 65. Rg1# {Black checkmated} 1-0

[Event "ICC tourney 1954 (60 10)"]
[Site "Internet Chess Club"]
[Date "2020.08.07"]
[Round "1"]
[White "aarush-narsina"]
[Black "Justin2009"]
[Result "1-0"]
[ICCResult "Black resigns"]
[WhiteElo "1029"]
[BlackElo "1096"]
[Opening "Scandinavian (center counter) defense"]
[ECO "B01"]
[NIC "VO.17"]
[Time "12:22:01"]
[TimeControl "3600+10"]

1. e4 d5 2. f3 dxe4 3. fxe4 e5 4. Nf3 Nc6 5. Bb5 Bd6 6. Nc3 Bg4 7. d3 h6 8.
Be3 Nf6 9. O-O O-O 10. Qe1 a6 11. Ba4 b5 12. Bb3 Bxf3 13. Rxf3 Nd4 14. Bxd4
exd4 15. Nd5 Nxd5 16. Bxd5 Ra7 17. Qf2 c5 18. Rf1 Qc7 19. g3 c4 20. dxc4
bxc4 21. Qe1 Qb6 22. Kg2 Qxb2 23. Qf2 Qxa2 24. Bxf7+ Kh8 25. Bg6 Rxf3 26.
Qxf3 Qxc2+ 27. Rf2 Qxf2+ 28. Qxf2 Bc5 29. Qb2 Ra8 30. Qb7 Rf8 31. Qc7 d3 32.
Qxc5 Rd8 33. Qc7 Rg8 34. Qxc4 d2 35. Qd3 {Black resigns} 1-0

[Event "ICC tourney 1954 (60 10)"]
[Site "Internet Chess Club"]
[Date "2020.08.07"]
[Round "1"]
[White "sujay2010"]
[Black "Snowzera"]
[Result "1-0"]
[ICCResult "Black checkmated"]
[WhiteElo "1391"]
[BlackElo "1051"]
[Opening "Queen's pawn, Mason variation"]
[ECO "D00"]
[NIC "QP.08"]
[Time "12:21:33"]
[TimeControl "3600+10"]

1. d4 d5 2. Bf4 Bf5 3. e3 Nf6 4. Bd3 Be4 5. Bxe4 Nxe4 6. Nd2 Nxd2 7. Qxd2 e6
8. Nf3 Bd6 9. Bg3 Nc6 10. a3 O-O 11. Bxd6 cxd6 12. h4 e5 13. O-O-O e4 14.
Ne1 Rc8 15. Kb1 Qa5 16. g4 Qxd2 17. Rxd2 Na5 18. Rd1 Rc6 19. Ka1 Rfc8 20.
Ka2 Ra6 21. Rc1 b5 22. b3 Nc4 23. bxc4 Rxc4 24. Rb1 b4 25. Rb3 Ra4 26. Kb2
bxa3+ 27. Rxa3 Rxa3 28. Kxa3 a5 29. Kb3 a4+ 30. Ka3 Kf8 31. Rf1 Ke7 32. Ng2
Kd7 33. Rc1 Kc6 34. c3 Kb5 35. Nf4 Kc6 36. Ne2 Kd7 37. Rb1 Ke6 38. Rb4 Rc7
39. Rxa4 Rb7 40. Rb4 Ra7+ 41. Kb2 h6 42. Nf4+ Kf6 43. Nxd5+ Ke6 44. Nf4+ Kf6
45. Nh5+ Kg6 46. Ng3 Re7 47. Rb6 Kh7 48. Rxd6 Rb7+ 49. Kc2 Ra7 50. Nxe4 Ra2+
51. Kb1 Re2 52. Kc1 Re1+ 53. Kd2 Rh1 54. h5 Rh4 55. f3 Rh3 56. Ke2 Rh2+ 57.
Nf2 Rg2 58. c4 Rg1 59. c5 Rc1 60. d5 Rxc5 61. Kd3 Ra5 62. e4 Ra3+ 63. Ke2
Ra2+ 64. Ke3 Ra3+ 65. Nd3 f6 66. Rc6 Kg8 67. d6 Ra7 68. Rc7 Ra6 69. d7 Rd6
70. Rc8+ Kh7 71. d8=Q Rxd8 72. Rxd8 g5 73. Rd7+ Kg8 74. e5 fxe5 75. Nxe5 Kf8
76. Ke4 Ke8 77. Kf5 Kf8 78. Kg6 Ke8 79. Kf6 Kf8 80. Rd8# {Black checkmated}
1-0

[Event "ICC tourney 1954 (60 10)"]
[Site "Internet Chess Club"]
[Date "2020.08.07"]
[Round "1"]
[White "DimSum17"]
[Black "aec7r3b"]
[Result "0-1"]
[ICCResult "White resigns"]
[WhiteElo "974"]
[BlackElo "1346"]
[Opening "English, 1...Nf6 (Anglo-Indian defense)"]
[ECO "A15"]
[NIC "EO.64"]
[Time "12:22:02"]
[TimeControl "3600+10"]

1. c4 Nf6 2. g3 g6 3. Bg2 d5 4. cxd5 Nxd5 5. e4 Nb6 6. Nc3 Bg7 7. Nge2 O-O
8. O-O c5 9. d3 Nc6 10. Be3 Ne5 11. Bxc5 Nxd3 12. Bxe7 Qxe7 13. Qxd3 Rd8 14.
Qc2 Nc4 15. Rfd1 Rxd1+ 16. Rxd1 Bd7 17. b3 Nb6 18. Nd5 Nxd5 19. exd5 Re8 20.
Re1 Bg4 21. f3 Qe3+ 22. Kf1 Bd4 {White resigns} 0-1

[Event "ICC tourney 1954 (60 10)"]
[Site "Internet Chess Club"]
[Date "2020.08.07"]
[Round "1"]
[White "pranavg03"]
[Black "lerui"]
[Result "1-0"]
[ICCResult "Black checkmated"]
[WhiteElo "960"]
[BlackElo "147"]
[Opening "QGD: Harrwitz attack"]
[ECO "D35"]
[NIC "QO.16"]
[Time "12:21:46"]
[TimeControl "3600+10"]

1. d4 d5 2. c4 e6 3. Nc3 Nf6 4. Bf4 Bb4 5. e3 Bxc3+ 6. bxc3 O-O 7. Nf3 h6 8.
Be2 Re8 9. O-O Nc6 10. Rc1 Bd7 11. cxd5 exd5 12. c4 Be6 13. c5 Bf5 14. Qd2
Ne4 15. Qb2 Rb8 16. Nd2 Nxd2 17. Qxd2 Qd7 18. Bd3 Bxd3 19. Qxd3 Qe6 20. Bxc7
Rbc8 21. Bg3 Qd7 22. Rb1 Ne7 23. Qb3 Ng6 24. Qxb7 Qxb7 25. Rxb7 Ra8 26. Rfb1
Re6 27. Rd7 Ra6 28. Rb2 Rc8 29. Rxd5 Ne7 30. Rd7 Nc6 31. Rc7 Rxc7 32. Bxc7
Na5 33. Bxa5 Rxa5 34. Rc2 Kf8 35. c6 Ke8 36. c7 Kd7 37. c8=Q+ Ke7 38. Qc7+
Kf6 39. Rc6+ Kg5 40. Qf4+ Kh5 41. Qxf7+ Kh4 42. g3+ Kg5 43. Qf4+ Kh5 44.
Qh4# {Black checkmated} 1-0

[Event "ICC tourney 1954 (60 10)"]
[Site "Internet Chess Club"]
[Date "2020.08.07"]
[Round "1"]
[White "CobaltGame"]
[Black "tasawyer81"]
[Result "1-0"]
[ICCResult "Black checkmated"]
[WhiteElo "1328"]
[BlackElo "940"]
[Opening "Queen's pawn"]
[ECO "A40"]
[NIC "QO.17"]
[Time "12:21:42"]
[TimeControl "3600+10"]

1. d4 c6 2. Nf3 d5 3. Nc3 Nf6 4. Bf4 Nbd7 5. e3 e6 6. a3 Be7 7. Bd3 a5 8.
O-O O-O 9. h3 Nh5 10. Bh2 Nhf6 11. Re1 Nb6 12. e4 dxe4 13. Nxe4 Nbd5 14. c4
Nxe4 15. Bxe4 Nf6 16. Bc2 Bd6 17. Ne5 c5 18. dxc5 Bxe5 19. Bxe5 Bd7 20. Bxf6
Qxf6 21. Qxd7 Qxb2 22. Qd3 Rad8 23. Qxh7# {Black checkmated} 1-0